Workbook
Name \0: #REF!
Name \0: #REF!
Name \00: #REF!
Name \00: #REF!
Name \a: #REF!
Name \a: #REF!
Name \A1: #REF!
Name \AA: #REF!
Name \AA: #REF!
Name \b: #REF!
Name \b: #REF!
Name \bb: #REF!
Name \bb: #REF!
Name \E: #REF!
Name \E: #REF!
Name \EE: #REF!
Name \EE: #REF!
Name \eliminar: #REF!
Name \eliminar1: #REF!
Name \f: #REF!
Name \G: #REF!
Name \G: #REF!
Name \k: #REF!
Name \k: #REF!
Name \l: #REF!
Name \l: #REF!
Name \M: #REF!
Name \M: #REF!
Name \ñ: #REF!
Name \ñ: #REF!
Name \P: #REF!
Name \P: #REF!
Name \q: #REF!
Name \R: #REF!
Name \R: #REF!
Name \s: #REF!
Name \s: #REF!
Name \V: #REF!
Name \V: #REF!
Name \X: APUS!ERR
Name \X: #REF!
Name \Z: APUS!ERR
Name \Z: #REF!
Name _: #REF!
Name _: #REF!
Name _________________________________l9001: #REF!
Name _______________________________l9001: #REF!
Name ______________________________l9001: #REF!
Name _____________________________l9001: #REF!
Name ____________________________l9001: #REF!
Name ___________________________l9001: #REF!
Name __________________________l9001: #REF!
Name _________________________l9001: #REF!
Name ________________________l9001: #REF!
Name _______________________l9001: #REF!
Name ______________________l9001: #REF!
Name _____________________l9001: #REF!
Name ____________________l9001: #REF!
Name ___________________l9001: #REF!
Name __________________FS01: #N/A

Sheet PRECIOS MO
B2: (AA) ALBAÑILERIA
C3: OFICIAL (1) | D3: AYUDANTE (1) | E3: CUADRILLA
B4: DIA | C4: 140278.52 | D4: 93519.02 | E4: =C4+D4 -> 233797.54
B5: HORA | C5: =C4/8 -> 17534.815 | D5: =D4/8 -> 11689.878 | E5: =E4/8 -> 29224.692
B7: (AA1) ALBAÑILERIA
C8: OFICIAL (1) | D8: AYUDANTE (1) | E8: AYUDANTE (2) | F8: CUADRILLA
B9: DIA | C9: 147447.23 | D9: 103447 | E9: 103448 | F9: =C9+E9+D9 -> 354342.22
B10: HORA | C10: =C9/8 -> 18430.903 | D10: =D9/8 -> 12930.875 | E10: =E9/8 -> 12931 | F10: =F9/8 -> 44292.778
B13: (BB) INSTALACIONES
C14: OFICIAL (1) | D14: AYUDANTE (1) | E14: CUADRILLA
B15: DIA | C15: 168334.22 | D15: 112222.81 | E15: =C15+D15 -> 280557.03
B16: HORA | C16: =C15/8 -> 21041.778 | D16: =D15/8 -> 14027.851 | E16: =E15/8 -> 35069.629
B19: (CC) PINTURA Y ESTUCOS
C20: OFICIAL (1) | D20: AYUDANTE (1) | E20: AYUDANTE (2) | F20: CUADRILLA
B21: DIA | C21: 168334.22 | D21: 112222.81 | E21: 112222.81 | F21: =C21+E21+D21 -> 392779.84
B22: HORA | C22: =C21/8 -> 21041.778 | D22: =D21/8 -> 14027.851 | E22: =E21/8 -> 14027.851 | F22: =F21/8 -> 49097.48
B25: (DD) CARPINTERIA
C26: OFICIAL (1) | D26: AYUDANTE (1) | E26: CUADRILLA
B27: DIA | C27: 187038.02 | D27: 112222.81 | E27: =C27+D27 -> 299260.83
B28: HORA | C28: =C27/8 -> 23379.752 | D28: =D27/8 -> 14027.851 | E28: =E27/8 -> 37407.604
B30: (HH1) CARPINTERIA METALICA
C31: SOLDADOR CM | D31: OFICIAL | E31: AYUDANTE (1) | F31: AYUDANTE (2) | G31: CUADRILLA
B32: DIA | C32: 187038.02 | D32: 140278.52 | E32: 93519.02 | F32: 93519.02 | G32: =E32+F32+D32+C32 -> 514354.58
B33: HORA | C33: =C32/8 -> 23379.752 | D33: =D32/8 -> 17534.815 | E33: =E32/8 -> 11689.878 | F33: =F32/8 -> 11689.878 | G33: =G32/8 -> 64294.322
B36: (EE) CABLEADO ESTRUCTURADO
C37: OFICIAL (2) | D37: CUADRILLA
B38: DIA | C38: 204995.86 | D38: =C38*2 -> 409991.72
B39: HORA | C39: =C38/8 -> 25624.482 | D39: =D38/8 -> 51248.965
B41: (FF) ELÉCTRICA
C42: OFICIAL (1) | D42: ENCARGADO (1) | E42: AYUDANTE (1) | F42: CUADRILLA
B43: DIA | C43: 93519.02 | D43: 168334.22 | E43: 112222.81 | F43: =C43+E43+D43 -> 374076.05
B44: HORA | C44: =C43/8 -> 11689.878 | D44: =D43/8 -> 21041.778 | E44: =E43/8 -> 14027.851 | F44: =F43/8 -> 46759.506
B46: (FF) 1 ELÉCTRICA ESPECIALIZADA
C47: OFICIAL (2) | D47: ENCARGADO (1) | E47: AYUDANTE (1) | F47: CUADRILLA
B48: DIA | C48: 204995.86 | D48: 204995.86 | E48: 112222.81 | F48: =C48*2+E48+D48 -> 727210.39
B49: HORA | C49: =C48/8 -> 25624.482 | D49: =D48/8 -> 25624.482 | E49: =E48/8 -> 14027.851 | F49: =F48/8 -> 90901.299
B52: (GG) DRYWALL /SUPERBOARD
C53: OFICIAL (1) | D53: AYUDANTE (1) | E53: OFICIAL TIPO 2 (1) | F53: CUADRILLA
B54: DIA | C54: 168334.22 | D54: 140278.52 | E54: 93519.02 | F54: =C54+D54+E54 -> 402131.76
B55: HORA | C55: =C54/8 -> 21041.778 | D55: =D54/8 -> 17534.815 | E55: =E54/8 -> 11689.878 | F55: =F54/8 -> 50266.47
B58: (HH) METÁLICAS
C59: OFICIAL (1) | D59: AYUDANTE (1) | E59: SOLDADOR (1) | F59: CUADRILLA
B60: DIA | C60: 140278.52 | D60: 93519.02 | E60: 245995.04 | F60: =C60+D60+E60 -> 479792.58
B61: HORA | C61: =C60/8 -> 17534.815 | D61: =D60/8 -> 11689.878 | E61: =E60/8 -> 30749.38 | F61: =F60/8 -> 59974.072
B64: (II) TOPOGRAFIA
C65: AUXILIAR DE TOPOGRAFIA (1) | D65: CADENERO (1) | E65: TOPÓGRAFO (1) | F65: CUADRILLA
B66: DIA | C66: 204995.86 | D66: 140278.52 | E66: 409991.73 | F66: =C66+D66+E66 -> 755266.11
B67: HORA | C67: =C66/8 -> 25624.482 | D67: =D66/8 -> 17534.815 | E67: =E66/8 -> 51248.966 | F67: =F66/8 -> 94408.264
B70: (JJ) RED CONTRA INCENDIO
C71: OFICIAL TIPO 1 (1) | D71: AYUDANTE (1) | E71: OFICIAL TIPO 2 (1) | F71: ENCARGADO DE OBRA (1) | G71: CUADRILLA
B72: DIA | C72: 140278.52 | D72: 93519.02 | E72: 168334.22 | F72: 245995.04 | G72: =C72+D72+E72+F72 -> 648126.8
B73: HORA | C73: =C72/8 -> 17534.815 | D73: =D72/8 -> 11689.878 | E73: =E72/8 -> 21041.778 | F73: =F72/8 -> 30749.38 | G73: =G72/8 -> 81015.85
B76: (KK) ASEO
C77: OPERARIO (2) | D77: CUADRILLA
B78: DIA | C78: 93519.02 | D78: =C78*2 -> 187038.04
B79: HORA | C79: =C78/8 -> 11689.878 | D79: =D78/8 -> 23379.755

Sheet PRESUPUESTO 
A2: SUBGERENCIA ADMINISTRATIVA Y FINANCIERA | H2: 1.2 | I2: FACTOR DE DISTANCIA (PALMIRA)
A3: GRUPO GESTIÓN DE INFRAESTRUCTURA FÍSICA Y MANTENIMIENTO
A5: PRESUPUESTO OFICIAL DE OBRA.
A7: OBJETO: "MANTENIMIENTO DE LA INFRAESTRUCTURA FISICA DEL LABORATORIO DE DIAGNOSTICO VETERINARIO Y FITOSANITARIO DE PALMIRA, VALLE DEL CAUCA"
A9: ITEM | B9: DESCRIPCIÓN | C9: UNIDAD | D9: CANTIDAD | E9: VALOR UNITARIO | F9: SUBTOTAL
A10: 1 | B10: REHABILITACION DE CUBIERTA | F10: =SUM(F11:F17) -> 23918198
A11: 1.01 | B11: PODA DE LA PARTE AEREA DE ARBOLES | C11: UN | D11: 18 | E11: 148065 | F11: =+ROUND(E11*D11,0) -> 2665170 | H11: 127481 | J11: =+D11 -> 18 | K11: =+E11 -> 148065
A12: 1.02 | B12: RECORRIDO CUBIERTA EN TEJA UPVC | C12: M2 | D12: 417.55 | E12: 15231 | F12: =+ROUND(E12*D12,0) -> 6359704 | H12: 13113 | J12: =+D12 -> 417.55 | K12: =+E12 -> 15231
A13: 1.03 | B13: DESMONTE CUBIERTA TEJA DE ASBESTO Y/O ASBESTO CEMENTO (INCLUYE RETIRO - ACARREO LIBRE HASTA 5 KM | C13: M2 | D13: 125.27 | E13: 14060 | F13: =+ROUND(E13*D13,0) -> 1761296 | J13: =+D13 -> 125.27 | K13: =+E13 -> 14060
A14: 1.04 | B14: SUMINISTRO E INSTALACION DE TEJA UPVC | C14: M2 | D14: 125.27 | E14: 68040 | F14: =+ROUND(E14*D14,0) -> 8523371 | H14: 58581 | J14: =+D14 -> 125.27 | K14: =+E14 -> 68040
A15: 1.05 | B15: SUMINISTRO E INSTALACION DE CABALLETE UPVC | C15: ML | D15: 14.4 | E15: 76076 | F15: =+ROUND(E15*D15,0) -> 1095494 | H15: 65500 | J15: =+D15 -> 14.4 | K15: =+E15 -> 76076
A16: 1.06 | B16: CANAL LAMINA GALVANIZADA CAL.22 | C16: ML | D16: 5.4 | E16: 141396 | F16: =+ROUND(E16*D16,0) -> 763538 | H16: 121739 | J16: =+D16 -> 5.4 | K16: =+E16 -> 141396
A17: 1.07 | B17: ALFAGIA CONCRETO A=21-30CM | C17: ML | D17: 31.2 | E17: 88129 | F17: =+ROUND(E17*D17,0) -> 2749625 | H17: 86281 | J17: =+D17 -> 31.2 | K17: =+E17 -> 88129
A18: 2 | B18: ADECUACION DE AREA DE OFICINAS | F18: =SUM(F19:F36) -> 15522191 | J18: =+D18 -> 0 | K18: =+E18 -> 0
A19: 2.01 | B19: DESMONTE CIELO FALSO | C19: M2 | D19: 57.32 | E19: 9127 | F19: =+ROUND(E19*D19,0) -> 523160 | J19: =+D19 -> 57.32 | K19: =+E19 -> 9127
A20: 2.02 | B20: CIELO FALSO PANEL YESO 12.7MM S.JUNTA+VINILO RH | C20: M2 | D20: 57.32 | E20: 98817 | F20: =+ROUND(E20*D20,0) -> 5664190 | H20: 85079 | J20: =+D20 -> 57.32 | K20: =+E20 -> 98817
A21: 2.03 | B21: ABERTURA VANO PUERTA-VENTANA | C21: M2 | D21: 2.6 | E21: 18140 | F21: =+ROUND(E21*D21,0) -> 47164 | H21: 15618 | J21: =+D21 -> 2.6 | K21: =+E21 -> 18140
A22: 2.04 | B22: MURO LADRILLO SOGA SUCIO [2C] | C22: M2 | D22: 3.68 | E22: 102005 | F22: =+ROUND(E22*D22,0) -> 375378 | H22: 87824 | J22: =+D22 -> 3.68 | K22: =+E22 -> 102005
A23: 2.05 | B23: REPELLO MURO 1:2 | C23: M2 | D23: 7.36 | E23: 37722 | F23: =+ROUND(E23*D23,0) -> 277634 | H23: 32478 | J23: =+D23 -> 7.36 | K23: =+E23 -> 37722
A24: 2.06 | B24: MESON GRANO MARMOL ANCHO 60 CM | C24: ML | D24: 3 | E24: 228976 | F24: =+ROUND(E24*D24,0) -> 686928 | H24: 197144 | J24: =+D24 -> 3 | K24: =+E24 -> 228976
A25: 2.08 | B25: LAVAPLATOS A.INOX. 50X100CM ESCURRIDERO | C25: UN | D25: 1 | E25: 244682 | F25: =+ROUND(E25*D25,0) -> 244682 | H25: 233208 | J25: =+D25 -> 1 | K25: =+E25 -> 244682
A26: 2.09 | B26: GRIFO LAVAPLATOS LINEA ECON SENC | C26: UN | D26: 1 | E26: 132974 | F26: =+ROUND(E26*D26,0) -> 132974 | H26: 114488 | J26: =+D26 -> 1 | K26: =+E26 -> 132974
A27: 2.1 | B27: CANASTILLA - SIFON LAVAPLATOS | C27: UN | D27: 1 | E27: 121755 | F27: =+ROUND(E27*D27,0) -> 121755 | H27: 104828 | J27: =+D27 -> 1 | K27: =+E27 -> 121755
A28: 2.11 | B28: PUNTO AGUA FRIA PVC 1/2" | C28: PTO | D28: 1 | E28: 73996 | F28: =+ROUND(E28*D28,0) -> 73996 | H28: 63709 | J28: =+D28 -> 1 | K28: =+E28 -> 73996
A29: 2.12 | B29: PUNTO SANITARIO PVC 2 | C29: PTO | D29: 1 | E29: 65293 | F29: =+ROUND(E29*D29,0) -> 65293 | H29: 56216 | J29: =+D29 -> 1 | K29: =+E29 -> 65293
A30: 2.13 | B30: TRAMPA GRASAS TANQUE 250 LT PLASTICO | C30: UN | D30: 1 | E30: 449154 | F30: =+ROUND(E30*D30,0) -> 449154 | H30: 443284 | J30: =+D30 -> 1 | K30: =+E30 -> 449154
A31: 2.14 | B31: CAJA INSPECCION 60x 60 CM [CONCRETO] | C31: UN | D31: 1 | E31: 443374 | F31: =+ROUND(E31*D31,0) -> 443374 | H31: 450253 | J31: =+D31 -> 1 | K31: =+E31 -> 443374
... A36: 2.19 | B36: VINILO CIELO TIPO 2 [2M] | C36: M2 | D36: 111.38 | E36: 15496 | F36: =+ROUND(E36*D36,0) -> 1725944 | H36: 13342 | J36: =+D36 -> 111.38 | K36: =+E36 -> 15496
A37: 3 | B37: REDES ELECTRICAS | F37: =SUM(F38:F43) -> 26848617 | J37: =+D37 -> 0 | K37: =+E37 -> 0
A38: 3.01 | B38: ACOMETIDA ELECTRICA 2F(2# 6+1# 8) 1" | C38: ML | D38: 50 | E38: 50365 | F38: =+ROUND(E38*D38,0) -> 2518250 | H38: 43363 | J38: =+D38 -> 50 | K38: =+E38 -> 50365
A39: 3.02 | B39: CABLE COBRE HF-ZH# 12 | C39: ML | D39: 800 | E39: 5521 | F39: =+ROUND(E39*D39,0) -> 4416800 | H39: 4753 | J39: =+D39 -> 800 | K39: =+E39 -> 5521
A40: 3.03 | B40: SAL TOMA 120 PVC | C40: UN | D40: 2 | E40: 174309 | F40: =+ROUND(E40*D40,0) -> 348618 | H40: 150077 | J40: =+D40 -> 2 | K40: =+E40 -> 174309
A41: 3.04 | B41: DESMONTE DE LUMINARIAS | C41: UN | D41: 16 | E41: 39845 | F41: =+ROUND(E41*D41,0) -> 637520 | H41: 34306 | J41: =+D41 -> 16 | K41: =+E41 -> 39845
A42: 3.05 | B42: SUMINISTRO E INSTALACION DE LUMINARIA LED 60X60 | C42: UN | D42: 16 | E42: 173931 | F42: =+ROUND(E42*D42,0) -> 2782896 | H42: 240000 | J42: =+D42 -> 16 | K42: =+E42 -> 173931
A43: 3.06 | B43: INSPECCION Y REPARACION DE LA PLANTA ELECTRICA 75KVA, 197 AMP. | C43: GLOBAL | D43: 1 | E43: 16144533 | F43: =+ROUND(E43*D43,0) -> 16144533 | H43: 13900139 | J43: =+D43 -> 1 | K43: =+E43 -> 16144533
B45: Valor Total Costo Directo Obra | F45: =+F10+F18+F37 -> 66289006
B47: Costos Indirectos
B48: Administración | C48: 0.23 | F48: =ROUND(C48*F45,0) -> 15246471
B49: Imprevistos | C49: 0.02 | F49: =ROUND(C49*F45,0) -> 1325780
B50: Utilidad | C50: 0.05 | F50: =ROUND(C50*F45,0) -> 3314450
B51: Valor Total Costos Indirectos | C51: =SUM(C48:C50) -> 0.3 | F51: =SUM(F48:F50) -> 19886701
B53: IVA sobre Utilidad | C53: 0.19 | F53: =ROUND(C53*F50,0) -> 629746
B55: Valor Total Obra | F55: =F45+F51+F53 -> 86805453 | H55: =F55/D12 -> 207892.36 | I55: M2
A57: 4 | B57: SUMINISTRO MOBILIARIO | F57: =SUM(F58:F67) -> 13935115
A58: 4.01 | B58: MUEBLE BAJO MESON LAMINA RH | C58: ML | D58: 3 | E58: 748016 | F58: =+ROUND(E58*D58,0) -> 2244048
A59: 4.02 | B59: SUMINISTRO E INSTALACION DE CORTINA BLACKOUT | C59: M2 | D59: 10.01 | E59: 187689 | F59: =+ROUND(E59*D59,0) -> 1878767
B61: Valor Total Costo Suministro | F61: =+F58+F59 -> 4122815
B63: Costos Indirectos
B64: IVA | C64: 0.19 | F64: =+F61*C64 -> 783334.85
B66: Valor Total Suministro | F66: =+F61+F64 -> 4906149.8
B68: Valor Total Obra + Suministro | F68: =+F55+F66 -> 91711603
A73: __________________________________________________________________________
A74: KAREN SOFIA OME CARVAJAL - CC. 1080936475 DE TIMANÁ
A75: REP. LEGAL OMEKA INGENIERIA S.A.S.

Sheet APUS
B2: DESCRIPCIÓN | E2: ITEM
B3: REHABILITACION DE CUBIERTA | E3: 1
B5: INSTITUTO COLOMBIANO AGROPECUARIO “ICA”
B6: OBJETO: "MANTENIMIENTO DE LA INFRAESTRUCTURA FISICA DEL LABORATORIO DE DIAGNOSTICO VETERINARIO Y FITOSANITARIO DE PALMIRA, VALLE DEL CAUCA"
B7: CUADRO DE CANTIDADES Y PRECIOS
B8: DESCRIPCION | E8: ITEM | F8: UNIDAD
B9: PODA DE LA PARTE AEREA DE ARBOLES | E9: 1.01 | F9: UN
B11: MATERIALES | C11: UND | D11: CANTIDAD | E11: PRECIO UNIT | F11: VALOR UNIT
F12: =D12*E12 -> 0
D13: SUBTOTAL MATERIALES | F13: =SUM(F12:F12) -> 0
B15: MANO DE OBRA | C15: UND | D15: CANTIDAD | E15: PRECIO UNIT | F15: VALOR UNIT
B16: CUADRILLA ALBAÑINERIA (AA) | C16: HH | D16: 2.31109 | E16: ='PRECIOS MO'!E5 -> 29224.692 | F16: =D16*E16 -> 67540.895
D18: SUBTOTAL MANO DE OBRA | F18: =SUM(F16:F17) -> 67540.895
B20: EQUIPO | C20: UND | D20: CANTIDAD | E20: PRECIO UNIT | F20: VALOR UNIT
B21: ANDAMIO TUBULAR NORMALIZADO, TIPO MULTIDIRECCIONAL, DE ACERO GALVANIZADO EN CALIENTE, SEGÚN ISO 9001 | C21: DIA | D21: 1 | E21: 25700 | F21: =D21*E21 -> 25700
B22: MOTOSIERRA | C22: HORA | D22: 1 | E22: 23487.45 | F22: =D22*E22 -> 23487.45 | G22: *
B23: HERRAMIENTA MENOR Y EQUIPO MENOR | C23: % de MO | D23: 0.01 | E23: =F18 -> 67540.895 | F23: =D23*E23 -> 675.40895
D24: SUBTOTAL EQUIPO | F24: =SUM(F21:F23) -> 49862.859
B26: TRANSPORTE | C26: UND | D26: CANTIDAD | E26: PRECIO UNIT | F26: VALOR UNIT
B27: VOLQUETA | C27: M3-5KM | D27: 3 | E27: 10220.49 | F27: =D27*E27 -> 30661.47
D29: SUBTOTAL OTROS | F29: =SUM(F27:F28) -> 30661.47
C31: COSTO DIRECTO | F31: =ROUND(SUM(F18,F24,F13,F29),0) -> 148065
B33: INSTITUTO COLOMBIANO AGROPECUARIO “ICA”
B34: OBJETO: "MANTENIMIENTO DE LA INFRAESTRUCTURA FISICA DEL LABORATORIO DE DIAGNOSTICO VETERINARIO Y FITOSANITARIO DE PALMIRA, VALLE DEL CAUCA"
B35: CUADRO DE CANTIDADES Y PRECIOS
B36: DESCRIPCION | E36: ITEM | F36: UNIDAD
B37: RECORRIDO CUBIERTA EN TEJA UPVC | E37: 1.02 | F37: M2
B39: MATERIALES | C39: UND | D39: CANTIDAD | E39: PRECIO UNIT | F39: VALOR UNIT
F40: =D40*E40 -> 0
D41: SUBTOTAL MATERIALES | F41: =SUM(F40:F40) -> 0
B43: MANO DE OBRA | C43: UND | D43: CANTIDAD | E43: PRECIO UNIT | F43: VALOR UNIT
B44: CUADRILLA ALBAÑINERIA (AA) | C44: HH | D44: 0.40113 | E44: ='PRECIOS MO'!E5 -> 29224.692 | F44: =D44*E44 -> 11722.901
D46: SUBTOTAL MANO DE OBRA | F46: =SUM(F44:F45) -> 11722.901
B48: EQUIPO | C48: UND | D48: CANTIDAD | E48: PRECIO UNIT | F48: VALOR UNIT
B49: ANDAMIO TUBULAR NORMALIZADO, TIPO MULTIDIRECCIONAL, DE ACERO GALVANIZADO EN CALIENTE, SEGÚN ISO 9001 | C49: DIA | D49: 0.1 | E49: 25700 | F49: =D49*E49 -> 2570
B50: HERRAMIENTA MENOR Y EQUIPO MENOR | C50: % de MO | D50: 0.08 | E50: =F46 -> 11722.901 | F50: =D50*E50 -> 937.83207
D51: SUBTOTAL EQUIPO | F51: =SUM(F49:F50) -> 3507.8321
B53: TRANSPORTE | C53: UND | D53: CANTIDAD | E53: PRECIO UNIT | F53: VALOR UNIT
F54: =D54*E54 -> 0
D55: SUBTOTAL OTROS | F55: =SUM(F54:F54) -> 0
C57: COSTO DIRECTO | F57: =ROUND(SUM(F46,F51,F41,F55),0) -> 15231
B59: INSTITUTO COLOMBIANO AGROPECUARIO “ICA”
B60: OBJETO: "MANTENIMIENTO DE LA INFRAESTRUCTURA FISICA DEL LABORATORIO DE DIAGNOSTICO VETERINARIO Y FITOSANITARIO DE PALMIRA, VALLE DEL CAUCA"
B61: CUADRO DE CANTIDADES Y PRECIOS
B62: DESCRIPCION | E62: ITEM | F62: UNIDAD
B63: DESMONTE CUBIERTA TEJA DE ASBESTO Y/O ASBESTO CEMENTO (INCLUYE RETIRO - ACARREO LIBRE HASTA 5 KM | E63: 1.03 | F63: M2
B65: MATERIALES | C65: UND | D65: CANTIDAD | E65: PRECIO UNIT | F65: VALOR UNIT
F66: =D66*E66 -> 0
D67: SUBTOTAL MATERIALES | F67: =SUM(F66:F66) -> 0
B69: MANO DE OBRA | C69: UND | D69: CANTIDAD | E69: PRECIO UNIT | F69: VALOR UNIT
B70: CUADRILLA ALBAÑINERIA (AA) | C70: HH | D70: 0.34123 | E70: ='PRECIOS MO'!E5 -> 29224.692 | F70: =D70*E70 -> 9972.3418
D72: SUBTOTAL MANO DE OBRA | F72: =SUM(F70:F71) -> 9972.3418
B74: EQUIPO | C74: UND | D74: CANTIDAD | E74: PRECIO UNIT | F74: VALOR UNIT
B75: ANDAMIO TUBULAR NORMALIZADO, TIPO MULTIDIRECCIONAL, DE ACERO GALVANIZADO EN CALIENTE, SEGÚN ISO 9001 | C75: DIA | D75: 0.08 | E75: 25700 | F75: =D75*E75 -> 2056
B76: HERRAMIENTA MENOR Y EQUIPO MENOR | C76: % de MO | D76: 0.05 | E76: =F72 -> 9972.3418 | F76: =D76*E76 -> 498.61709
D77: SUBTOTAL EQUIPO | F77: =SUM(F75:F76) -> 2554.6171
B79: TRANSPORTE | C79: UND | D79: CANTIDAD | E79: PRECIO UNIT | F79: VALOR UNIT
B80: VOLQUETA | C80: M3-5KM | D80: 0.15 | E80: 10220.49 | F80: =D80*E80 -> 1533.0735
D82: SUBTOTAL OTROS | F82: =SUM(F80:F81) -> 1533.0735
C84: COSTO DIRECTO | F84: =ROUND(SUM(F72,F77,F67,F82),0) -> 14060
B86: INSTITUTO COLOMBIANO AGROPECUARIO “ICA”
B87: OBJETO: "MANTENIMIENTO DE LA INFRAESTRUCTURA FISICA DEL LABORATORIO DE DIAGNOSTICO VETERINARIO Y FITOSANITARIO DE PALMIRA, VALLE DEL CAUCA"
B88: CUADRO DE CANTIDADES Y PRECIOS
B89: DESCRIPCION | E89: ITEM | F89: UNIDAD
B90: SUMINISTRO E INSTALACION DE TEJA UPVC | E90: 1.04 | F90: M2
B92: MATERIALES | C92: UND | D92: CANTIDAD | E92: PRECIO UNIT | F92: VALOR UNIT
B93: TEJA UPVC DE 2,50 MM DE CRESTA ALTA | C93: M2 | D93: 1.02 | E93: 50000 | F93: =D93*E93 -> 51000
B94: TORNILLO AUTOPERFORANTE CON ARANDELA DE NEOPRENO DE 12MM X 1 1/2" | C94: UND | D94: 4 | E94: 514.5 | F94: =D94*E94 -> 2058
D96: SUBTOTAL MATERIALES | F96: =SUM(F93:F94) -> 53058
B98: MANO DE OBRA | C98: UND | D98: CANTIDAD | E98: PRECIO UNIT | F98: VALOR UNIT
B99: AYUDANTE ALBAÑILERIA (AA) | C99: HH | D99: 0.15 | E99: ='PRECIOS MO'!D5 -> 11689.878 | F99: =D99*E99 -> 1753.4816
B100: CUADRILLA INSTALACIONES (BB) | C100: HH | D100: 0.2376672 | E100: ='PRECIOS MO'!E16 -> 35069.629 | F100: =D100*E100 -> 8334.9005
D102: SUBTOTAL MANO DE OBRA | F102: =SUM(F99:F100) -> 10088.382
B104: EQUIPO | C104: UND | D104: CANTIDAD | E104: PRECIO UNIT | F104: VALOR UNIT
B105: ANDAMIO TUBULAR NORMALIZADO, TIPO MULTIDIRECCIONAL, DE ACERO GALVANIZADO EN CALIENTE, SEGÚN ISO 9001 | C105: DIA | D105: 0.15 | E105: 25700 | F105: =D105*E105 -> 3855
B106: TALADRO | C106: HORA | D106: 0.05 | E106: 4621 | F106: =D106*E106 -> 231.05
B107: HERRAMIENTA MENOR Y EQUIPO MENOR | C107: % de MO | D107: 0.08 | E107: =F102 -> 10088.382 | F107: =D107*E107 -> 807.07057
D108: SUBTOTAL EQUIPO | F108: =SUM(F105:F107) -> 4893.1206
B110: TRANSPORTE | C110: UND | D110: CANTIDAD | E110: PRECIO UNIT | F110: VALOR UNIT
F111: =D111*E111 -> 0
D112: SUBTOTAL OTROS | F112: =SUM(F111:F111) -> 0
C114: COSTO DIRECTO | F114: =ROUND(SUM(F102,F108,F96,F112),0) -> 68040
B116: INSTITUTO COLOMBIANO AGROPECUARIO “ICA”
B117: OBJETO: "MANTENIMIENTO DE LA INFRAESTRUCTURA FISICA DEL LABORATORIO DE DIAGNOSTICO VETERINARIO Y FITOSANITARIO DE PALMIRA, VALLE DEL CAUCA"
B118: CUADRO DE CANTIDADES Y PRECIOS
B119: DESCRIPCION | E119: ITEM | F119: UNIDAD
B120: SUMINISTRO E INSTALACION DE CABALLETE UPVC | E120: 1.05 | F120: ML
B122: MATERIALES | C122: UND | D122: CANTIDAD | E122: PRECIO UNIT | F122: VALOR UNIT
B123: CABALLETE UPVC DE 2,50 MM | C123: UND | D123: 1.02 | E123: 57900 | F123: =D123*E123 -> 59058
B124: TORNILLO AUTOPERFORANTE CON ARANDELA DE NEOPRENO DE 12MM X 1 1/2" | C124: UND | D124: 4 | E124: 514.5 | F124: =D124*E124 -> 2058
D126: SUBTOTAL MATERIALES | F126: =SUM(F123:F124) -> 61116
B128: MANO DE OBRA | C128: UND | D128: CANTIDAD | E128: PRECIO UNIT | F128: VALOR UNIT
B129: AYUDANTE ALBAÑILERIA (AA) | C129: HH | D129: 0.12 | E129: ='PRECIOS MO'!D5 -> 11689.878 | F129: =D129*E129 -> 1402.7853
B130: CUADRILLA INSTALACIONES (BB) | C130: HH | D130: 0.2471 | E130: ='PRECIOS MO'!E16 -> 35069.629 | F130: =D130*E130 -> 8665.7053
D132: SUBTOTAL MANO DE OBRA | F132: =SUM(F129:F130) -> 10068.491
B134: EQUIPO | C134: UND | D134: CANTIDAD | E134: PRECIO UNIT | F134: VALOR UNIT
B135: ANDAMIO TUBULAR NORMALIZADO, TIPO MULTIDIRECCIONAL, DE ACERO GALVANIZADO EN CALIENTE, SEGÚN ISO 9001 | C135: DIA | D135: 0.15 | E135: 25700 | F135: =D135*E135 -> 3855
B136: TALADRO | C136: HORA | D136: 0.05 | E136: 4621 | F136: =D136*E136 -> 231.05
B137: HERRAMIENTA MENOR Y EQUIPO MENOR | C137: % de MO | D137: 0.08 | E137: =F132 -> 10068.491 | F137: =D137*E137 -> 805.47925
D138: SUBTOTAL EQUIPO | F138: =SUM(F135:F137) -> 4891.5292
...
